Patriotes vs Carnivores
Created - 6 octobre 2015 at 19:10
Goals
|
| Patriotes |
1 |
0 |
7 |
8 |
| Carnivores |
2 |
3 |
2 |
7 |
|
Shots
|
| Patriotes |
7 |
9 |
16 |
32 |
| Carnivores |
14 |
20 |
7 |
41 |
|
1st period
1. Carnivores , Jeremy Williams 2 (Mikael Granlund, Blake Geoffrion) at 2:12 (PP)
2. Patriotes , Christian Hanson 1 (Andrew Gordon, Fedor Fedorov) at 5:18
3. Carnivores , Erik Rasmussen 2 (Frederic St-Denis, Colton Orr) at 6:34
Penalties :
Tyler Myers (Nyc) for Hooking (Minor) at 0:22, A.J Thelen (Nyc) for Interference (Minor) at 9:15, Tyler Myers (Nyc) for Holding (Minor) at 14:00, Mikael Granlund (Bre) for Tripping (Minor) at 17:37, Zenon Konopka (Nyc) for Holding (Minor) at 18:12
2nd period
4. Carnivores , Anton Gustafsson 1 (Phil Oreskovic, Bobby Sanguinetti) at 0:36
5. Carnivores , Anton Gustafsson 2 (Joffrey Lupul, Brendan Gallagher) at 3:33
6. Carnivores , Anton Lander 1 (Jeremy Welsh, Chris Lawrence) at 10:58
Penalties :
Anton Gustafsson (Bre) for Fighting (Major) at 15:56, Brett Skinner (Nyc) for Fighting (Major) at 15:56, Jordan Samuels-Thomas (Nyc) for Hooking (Minor) at 16:43
3rd period
7. Patriotes , Fedor Fedorov 1 (Andreas Nodl, Timothy Kunes) at 2:43 (SH)
8. Patriotes , A.J Thelen 1 (Dwight King, Timothy Kunes) at 4:41
9. Patriotes , Tomas Kurka 1 (Zenon Konopka, Brett Skinner) at 9:01 (PP)
10. Carnivores , Chris Lawrence 1 (Anton Lander) at 10:15
11. Patriotes , Tomas Kurka 2 (Andreas Nodl, Zenon Konopka) at 12:07
12. Patriotes , Andrew Gordon 1 (Fedor Fedorov, Tyler Myers) at 15:34
13. Patriotes , Lauri Tukonen 1 (Dwight King, Riley Sheahan) at 17:36
14. Patriotes , Andreas Nodl 1 (Tomas Kurka, Joe Charlebois) at 19:16 (Empty Net)
15. Carnivores , Chris Lawrence 2 (Anton Lander, Jeremy Welsh) at 19:32
Penalties :
A.J Thelen (Nyc) for Hooking (Minor) at 2:12, Bobby Sanguinetti (Bre) for Hooking (Minor) at 8:50, Zack Stortini (Nyc) for Slashing (Minor) at 13:19
Goalie Stats
Marek Schwarz (Nyc), 14 saves from 18 shots - (0,778), 23:33 minutes
Jason Missiaen (Nyc), 20 saves from 23 shots - (0,870), W, 1-0-0, 36:27 minutes
Ray Emery (Bre), 24 saves from 31 shots - (0,774), L, 0-2-0, 59:26 minutes
Players Stats for Patriotes
Player Name G A P +/- PIM S H SB GA TA FO MP PP MP PK MP
------------------------------------------------------------------------------------
A.J Thelen 1 0 1 -3 4 3 0 3 1 2 0/0 27:18 0:35 5:10
Andreas Nodl 1 2 3 1 0 7 2 1 1 0 0/0 22:49 0:46 6:19
Andrew Gordon 1 1 2 2 0 2 1 0 1 0 1/3 15:58 0:00 4:05
Brett Skinner 0 1 1 1 5 1 2 2 0 1 0/0 19:15 0:11 4:00
Christian Hanson 1 0 1 0 0 1 0 0 0 0 4/6 11:40 0:00 0:26
Dwight King 0 2 2 -1 0 1 1 0 0 0 0/1 12:59 0:00 2:01
Fedor Fedorov 1 2 3 2 0 2 0 0 1 1 0/1 16:36 0:00 4:39
Joe Charlebois 0 1 1 2 0 1 1 4 0 0 0/0 9:59 0:00 0:14
Jordan Samuels-Thomas 0 0 0 0 2 0 0 1 0 0 0/0 9:42 0:00 0:54
Lauri Tukonen 1 0 1 -2 0 5 0 0 0 1 0/0 10:28 0:00 0:00
Nigel Williams 0 0 0 1 0 0 0 0 0 0 0/0 4:57 0:00 1:58
Riley Sheahan 0 1 1 -2 0 0 1 0 0 0 9/14 10:28 0:00 0:00
Ryan White 0 0 0 -1 0 2 0 0 1 0 3/3 8:00 0:00 0:00
Ryan Wilson 0 0 0 0 0 3 1 0 0 0 0/0 18:51 0:11 4:08
Timothy Kunes 0 2 2 4 0 0 1 3 0 0 0/0 13:05 0:00 4:04
Tomas Kurka 2 1 3 1 0 4 1 0 0 0 7/12 22:41 0:46 6:14
Tyler Myers 0 1 1 -2 4 0 1 2 0 1 0/0 27:08 0:35 5:06
Zack Stortini 0 0 0 0 2 0 2 0 0 0 0/0 8:35 0:00 0:02
Zenon Konopka 0 2 2 1 2 0 0 0 0 0 19/34 15:39 0:45 0:00
Players Stats for Carnivores
Player Name G A P +/- PIM S H SB GA TA FO MP PP MP PK MP
------------------------------------------------------------------------------------
Anton Gustafsson 2 0 2 0 5 6 0 1 0 0 14/33 18:55 5:20 0:46
Anton Lander 1 2 3 2 0 2 0 0 0 0 7/10 11:13 0:25 0:00
Billy Sweat 0 0 0 -1 0 0 0 0 1 0 0/0 8:43 0:42 0:00
Blake Geoffrion 0 1 1 -3 0 3 2 1 0 0 2/2 18:49 4:54 0:00
Bobby Sanguinetti 0 1 1 0 2 4 1 1 0 0 0/0 24:59 6:21 0:00
Brendan Gallagher 0 1 1 0 0 0 1 1 0 1 0/0 19:57 5:56 0:00
Chris Butler 0 0 0 0 0 0 1 1 0 0 0/0 12:37 5:41 0:00
Chris Lawrence 2 1 3 2 0 4 1 0 1 1 1/3 13:03 1:45 0:00
Colton Orr 0 1 1 -1 0 2 1 1 1 0 0/1 10:39 0:45 0:46
David Schlemko 0 0 0 0 0 1 0 2 0 0 0/0 5:52 0:35 0:00
Erik Rasmussen 1 0 1 -1 0 3 0 0 1 0 2/5 9:02 0:00 0:00
Frederic St-Denis 0 1 1 -1 0 1 1 0 0 0 0/0 8:31 0:00 0:11
Jeremy Welsh 0 2 2 2 0 5 0 0 1 0 0/1 11:39 1:14 0:00
Jeremy Williams 1 0 1 -2 0 5 1 0 0 0 1/1 18:00 4:54 0:00
Joffrey Lupul 0 1 1 1 0 2 1 1 0 0 1/5 19:41 6:10 0:00
Mikael Granlund 0 1 1 -2 2 1 2 1 0 0 3/13 18:07 4:55 0:00
Patrick McNeill 0 0 0 0 0 0 1 2 0 0 0/0 13:17 0:18 0:00
Phil Oreskovic 0 1 1 0 0 1 2 1 0 1 0/0 25:35 6:21 0:35
Sasha Pokulok 0 0 0 0 0 1 0 2 1 0 0/0 20:37 5:24 0:35
Zach Jones 0 0 0 -1 0 0 0 2 0 2 0/0 8:31 0:00 0:11
3 Stars
1 - Chris Lawrence (Bre)
2 - Tomas Kurka (Nyc)
3 - Andreas Nodl (Nyc)
Power Play
Patriotes - 1 on 2 Attempt(s) - 50,00%
Carnivores - 1 on 7 Attempt(s) - 14,29%
Penalty Kill
Patriotes - 6 on 7 Attempt(s) - 85,71%
- Score 1 goal in Penalty Kill
Carnivores - 1 on 2 Attempt(s) - 50,00%
- Score 0 goal in Penalty Kill
Team Stat
Patriotes - Hits : 14 - Faceoff Wins : 43 - Blocked Shots : 16 - Penalty Minutes : 19
Carnivores - Hits : 15 - Faceoff Wins : 31 - Blocked Shots : 17 - Penalty Minutes : 9
Official
Referees : Marouelli Dan and Morton Dean
Linesman : Lonnie Cameron and Brian Murphy
Game Notes
Jason Missiaen enters game at 3:33 of 2nd period
Anton Gustafsson beats up Brett Skinner at 15:56 of 2nd period
Andreas Nodl has scored in a empty net!
Finance
Level 1 -- Attendance: 1438 (71,90%) -- Ticket Income 57 520 $
Level 2 -- Attendance: 792 (79,20%) -- Ticket Income 15 840 $
Total Attendance: 2230 (74,33%)
Total Ticket Income: 73 360 $
Other Income: 3 668 $
Total Income: 77 028 $
Patriotes
5 vs 5 Forward
Center Left Wing Right Wing Time % Phy DF OF
1 Zenon Konopka Tomas Kurka Andreas Nodl 40 1 2 2
2 Christian Hanson Fedor Fedorov Andrew Gordon 30 1 2 2
3 Riley Sheahan Dwight King Lauri Tukonen 20 1 2 2
4 Ryan White Jordan Samuels-Thomas Zack Stortini 10 1 2 2
5 vs 5 Defense
Defense Defense Time % Phy DF OF
1 Tyler Myers A.J Thelen 40 1 2 2
2 Brett Skinner Ryan Wilson 30 1 2 2
3 Joe Charlebois Timothy Kunes 20 1 2 2
4 Nigel Williams Brett Skinner 10 1 2 2
PowerPlay Forward
Center Left Wing Right Wing Time % Phy DF OF
1 Zenon Konopka Tomas Kurka Andreas Nodl 60 1 2 2
2 Christian Hanson Fedor Fedorov Andrew Gordon 40 1 2 2
PowerPlay Defense
Defense Defense Time % Phy DF OF
1 Tyler Myers A.J Thelen 60 1 2 2
2 Brett Skinner Ryan Wilson 40 1 2 2
Penalty Kill 4 Players Forward
Center Wing Time % Phy DF OF
1 Tomas Kurka Andreas Nodl 60 1 2 2
2 Andrew Gordon Fedor Fedorov 40 1 2 2
Penalty Kill 4 Players Defense
Defense Defense Time % Phy DF OF
1 Tyler Myers A.J Thelen 60 1 2 2
2 Brett Skinner Ryan Wilson 40 1 2 2
Penalty Kill - 3 Players Forward
Forward Time % Phy DF OF
1 Tomas Kurka 60 1 2 2
2 Andreas Nodl 40 1 2 2
Penalty Kill - 3 Players Defense
Defense Defense Time % Phy DF OF
1 Tyler Myers A.J Thelen 60 1 2 2
2 Brett Skinner Ryan Wilson 40 1 2 2
4 vs 4 Forward
Center Wing Time % Phy DF OF
1 Tomas Kurka Andreas Nodl 60 1 2 2
2 Andrew Gordon Fedor Fedorov 40 1 2 2
4 vs 4 Defense
Defense Defense Time % Phy DF OF
1 Tyler Myers A.J Thelen 60 1 2 2
2 Brett Skinner Ryan Wilson 40 1 2 2
Last Minutes Offensive
Center Left Wing Right Wing Defense Defense
Zenon Konopka Tomas Kurka Andreas Nodl Tyler Myers A.J Thelen
Last Minutes Defensive
Center Left Wing Right Wing Defense Defense
Zenon Konopka Tomas Kurka Andreas Nodl Tyler Myers A.J Thelen
Goaltenders
Starting : Marek Schwarz
Backup : Jason Missiaen
Extra Forwards
Normal : Zack Stortini, Jordan Samuels-Thomas, Dwight King - PP : Zack Stortini, Jordan Samuels-Thomas - PK : Dwight King
Extra Defensemen
Normal : Joe Charlebois, Timothy Kunes, Nigel Williams - PP : Joe Charlebois - PK : Timothy Kunes, Nigel Williams
Penalty Shots
Tomas Kurka, Andreas Nodl, Andrew Gordon, Fedor Fedorov, Zenon Konopka
Carnivores
5 vs 5 Forward
Center Left Wing Right Wing Time % Phy DF OF
1 Anton Gustafsson Joffrey Lupul Brendan Gallagher 35 1 2 2
2 Mikael Granlund Blake Geoffrion Jeremy Williams 30 1 2 2
3 Anton Lander Jeremy Welsh Chris Lawrence 20 1 2 2
4 Erik Rasmussen Billy Sweat Colton Orr 15 1 2 2
5 vs 5 Defense
Defense Defense Time % Phy DF OF
1 Bobby Sanguinetti Phil Oreskovic 35 1 2 2
2 Patrick McNeill Sasha Pokulok 30 1 2 2
3 Frederic St-Denis Zach Jones 20 1 2 2
4 Chris Butler David Schlemko 15 1 2 2
PowerPlay Forward
Center Left Wing Right Wing Time % Phy DF OF
1 Anton Gustafsson Joffrey Lupul Brendan Gallagher 53 1 2 2
2 Mikael Granlund Blake Geoffrion Jeremy Williams 47 1 2 2
PowerPlay Defense
Defense Defense Time % Phy DF OF
1 Bobby Sanguinetti Phil Oreskovic 60 1 2 2
2 Chris Butler Sasha Pokulok 40 1 2 2
Penalty Kill 4 Players Forward
Center Wing Time % Phy DF OF
1 Anton Gustafsson Colton Orr 60 1 2 2
2 Anton Lander Chris Lawrence 40 1 2 2
Penalty Kill 4 Players Defense
Defense Defense Time % Phy DF OF
1 Sasha Pokulok Phil Oreskovic 60 1 2 2
2 Zach Jones Frederic St-Denis 40 1 2 2
Penalty Kill - 3 Players Forward
Forward Time % Phy DF OF
1 Erik Rasmussen 60 1 2 2
2 Chris Lawrence 40 1 2 2
Penalty Kill - 3 Players Defense
Defense Defense Time % Phy DF OF
1 Sasha Pokulok Phil Oreskovic 60 1 2 2
2 Zach Jones Frederic St-Denis 40 1 2 2
4 vs 4 Forward
Center Wing Time % Phy DF OF
1 Erik Rasmussen Colton Orr 60 1 2 2
2 Mikael Granlund Joffrey Lupul 40 1 2 2
4 vs 4 Defense
Defense Defense Time % Phy DF OF
1 Bobby Sanguinetti Phil Oreskovic 60 1 2 2
2 Chris Butler Sasha Pokulok 40 1 2 2
Last Minutes Offensive
Center Left Wing Right Wing Defense Defense
Anton Gustafsson Blake Geoffrion Brendan Gallagher Bobby Sanguinetti Phil Oreskovic
Last Minutes Defensive
Center Left Wing Right Wing Defense Defense
Anton Lander Joffrey Lupul Colton Orr Sasha Pokulok Frederic St-Denis
Goaltenders
Starting : Ray Emery
Backup : Antti Raanta
Extra Forwards
Normal : Chris Lawrence, Jeremy Welsh, Anton Lander - PP : Chris Lawrence, Jeremy Welsh - PK : Anton Lander
Extra Defensemen
Normal : Chris Butler, Zach Jones, Frederic St-Denis - PP : Chris Butler - PK : Zach Jones, Frederic St-Denis
Penalty Shots
Joffrey Lupul, Colton Orr, Blake Geoffrion, Brendan Gallagher, Chris Lawrence
% Time on Ice - Patriotes
Lines # - Real PCT - Wanted PCT - Time Play
Normal Forward
1 - 33% - 40% - 14:38
2 - 26% - 30% - 11:34
3 - 23% - 20% - 10:28
4 - 18% - 10% - 8:00
Normal Defense
1 - 46% - 40% - 20:24
2 - 31% - 30% - 13:53
3 - 18% - 20% - 8:01
4 - 5% - 10% - 2:22
PP Forward
1 - 100% - 60% - 0:46
2 - 0% - 40% - 0:00
PP Defense
1 - 76% - 60% - 0:35
2 - 24% - 40% - 0:11
PK Forward
1 - 67% - 60% - 8:15
2 - 33% - 40% - 4:05
PK Defense
1 - 66% - 60% - 8:12
2 - 34% - 40% - 4:08
PK3 Forward
1 - 0% - 60%
2 - 0% - 40%
PK3 Defense
1 - 0% - 60%
2 - 0% - 40%
44 Forward
1 - 77% - 60% - 1:05
2 - 23% - 40% - 0:19
44 Defense
1 - 54% - 60% - 0:45
2 - 46% - 40% - 0:39
Last Minute Offensive - 0:00
Last Minute Defensive - 0:50
Total
Forward - 60:00
Defense - 60:00
|
% Time on Ice - Carnivores
Lines # - Real PCT - Wanted PCT - Time Play
Normal Forward
1 - 30% - 35% - 13:13
2 - 29% - 30% - 13:06
3 - 23% - 20% - 10:07
4 - 18% - 15% - 8:15
Normal Defense
1 - 38% - 35% - 16:57
2 - 32% - 30% - 14:07
3 - 19% - 20% - 8:20
4 - 12% - 15% - 5:17
PP Forward
1 - 60% - 53% - 7:26
2 - 40% - 47% - 4:54
PP Defense
1 - 56% - 60% - 6:56
2 - 44% - 40% - 5:24
PK Forward
1 - 100% - 60% - 0:46
2 - 0% - 40% - 0:00
PK Defense
1 - 76% - 60% - 0:35
2 - 24% - 40% - 0:11
PK3 Forward
1 - 0% - 60%
2 - 0% - 40%
PK3 Defense
1 - 0% - 60%
2 - 0% - 40%
44 Forward
1 - 76% - 60% - 1:04
2 - 24% - 40% - 0:20
44 Defense
1 - 63% - 60% - 0:53
2 - 37% - 40% - 0:31
Last Minute Offensive - 0:49
Last Minute Defensive - 0:00
Total
Forward - 60:00
Defense - 60:00
|
Play by Play
1st period
0:01 of 1st period - Anton Gustafsson wins face-off versus Tomas Kurka in neutral zone.
0:22 of 1st period - Minor Penalty to Tyler Myers for Hooking.
0:23 of 1st period - Tomas Kurka wins face-off versus Anton Gustafsson in Patriotes zone.
0:38 of 1st period - Snap shot by Joffrey Lupul.
0:38 of 1st period - Stopped by Marek Schwarz without a rebound.
0:39 of 1st period - Andrew Gordon wins face-off versus Mikael Granlund in Patriotes zone.
1:04 of 1st period - Snap shot by Tomas Kurka.
1:04 of 1st period - Shot Blocked by Chris Butler.
1:09 of 1st period - Icing by Joffrey Lupul.
1:10 of 1st period - Anton Gustafsson wins face-off versus Andrew Gordon in Carnivores zone.
2:12 of 1st period - Slapshot by Jeremy Williams.
2:12 of 1st period - Goal by Jeremy Williams - Patriotes : 0 - Carnivores : 1.
2:13 of 1st period - Mikael Granlund wins face-off versus Christian Hanson in neutral zone.
2:38 of 1st period - Brett Skinner is hit by Chris Lawrence.
2:46 of 1st period - Snap shot by Jeremy Welsh.
2:46 of 1st period - Stopped by Marek Schwarz without a rebound.
2:47 of 1st period - Riley Sheahan wins face-off versus Joffrey Lupul in Patriotes zone.
2:51 of 1st period - Off-side.
2:52 of 1st period - Riley Sheahan wins face-off versus Anton Gustafsson in neutral zone.
3:05 of 1st period - Wrist shot by Dwight King.
3:05 of 1st period - Shot Blocked by Sasha Pokulok.
3:19 of 1st period - Tomas Kurka is hit by Mikael Granlund and loses puck.
3:24 of 1st period - Slapshot by Blake Geoffrion.
3:24 of 1st period - Shot Misses the Net.
5:02 of 1st period - Icing by Jeremy Williams.
5:03 of 1st period - Christian Hanson wins face-off versus Mikael Granlund in Carnivores zone.
5:18 of 1st period - Snap shot by Christian Hanson.
5:18 of 1st period - Goal by Christian Hanson - Patriotes : 1 - Carnivores : 1.
5:19 of 1st period - Zenon Konopka wins face-off versus Anton Gustafsson in neutral zone.
5:24 of 1st period - Wrist shot by Tomas Kurka.
5:24 of 1st period - Deflect By Andreas Nodl.
5:24 of 1st period - Stopped by Ray Emery without a rebound.
5:25 of 1st period - Zenon Konopka wins face-off versus Anton Gustafsson in Carnivores zone.
5:28 of 1st period - Wrist shot by Tomas Kurka.
5:28 of 1st period - Stopped by Ray Emery with a rebound.
5:30 of 1st period - Snap shot by Tomas Kurka.
5:30 of 1st period - Shot Blocked by Anton Gustafsson.
5:32 of 1st period - Slapshot by Ryan Wilson.
5:32 of 1st period - Stopped by Ray Emery with a rebound.
5:34 of 1st period - Snap shot by Tomas Kurka.
5:34 of 1st period - Shot Misses the Net.
5:36 of 1st period - Wrist shot by Andreas Nodl.
5:36 of 1st period - Shot Misses the Net.
5:38 of 1st period - Wrist shot by Andreas Nodl.
5:38 of 1st period - Shot Blocked by David Schlemko.
6:14 of 1st period - Wrist shot by Erik Rasmussen.
6:14 of 1st period - Stopped by Marek Schwarz without a rebound.
6:15 of 1st period - Erik Rasmussen wins face-off versus Riley Sheahan in Patriotes zone.
6:30 of 1st period - Snap shot by Colton Orr.
6:30 of 1st period - Shot Misses the Net.
6:32 of 1st period - Snap shot by Frederic St-Denis.
6:32 of 1st period - Stopped by Marek Schwarz with a rebound.
6:34 of 1st period - Slapshot by Erik Rasmussen.
6:34 of 1st period - Goal by Erik Rasmussen - Patriotes : 1 - Carnivores : 2.
6:35 of 1st period - Mikael Granlund wins face-off versus Zenon Konopka in neutral zone.
6:48 of 1st period - Snap shot by Tomas Kurka.
6:48 of 1st period - Shot Blocked by Blake Geoffrion.
7:56 of 1st period - Snap shot by Blake Geoffrion.
7:56 of 1st period - Shot Misses the Net.
7:58 of 1st period - Slapshot by Phil Oreskovic.
7:58 of 1st period - Shot Misses the Net.
8:00 of 1st period - Backhand shot by Bobby Sanguinetti.
8:00 of 1st period - Shot Misses the Net.
8:02 of 1st period - Wrist shot by Jeremy Williams.
8:02 of 1st period - Stopped by Marek Schwarz with a rebound.
8:04 of 1st period - Slapshot by Bobby Sanguinetti.
8:04 of 1st period - Stopped by Marek Schwarz with a rebound.
8:28 of 1st period - Slapshot by Jeremy Williams.
8:28 of 1st period - Stopped by Marek Schwarz with a rebound.
8:30 of 1st period - Slapshot by Phil Oreskovic.
8:30 of 1st period - Shot Misses the Net.
8:32 of 1st period - Slapshot by Bobby Sanguinetti.
8:32 of 1st period - Stopped by Marek Schwarz with a rebound.
8:36 of 1st period - Slapshot by Blake Geoffrion.
8:36 of 1st period - Shot Blocked by Joe Charlebois.
8:38 of 1st period - Snap shot by Jeremy Williams.
8:38 of 1st period - Shot Blocked by Jordan Samuels-Thomas.
8:40 of 1st period - Snap shot by Jeremy Williams.
8:40 of 1st period - Shot Blocked by Timothy Kunes.
8:42 of 1st period - Slapshot by Phil Oreskovic.
8:42 of 1st period - Shot Blocked by Joe Charlebois.
8:44 of 1st period - Snap shot by Phil Oreskovic.
8:44 of 1st period - Shot Blocked by Timothy Kunes.
8:46 of 1st period - Snap shot by Bobby Sanguinetti.
8:46 of 1st period - Shot Misses the Net.
8:48 of 1st period - Slapshot by Phil Oreskovic.
8:48 of 1st period - Shot Blocked by Joe Charlebois.
8:50 of 1st period - Wrist shot by Bobby Sanguinetti.
8:50 of 1st period - Shot Blocked by Joe Charlebois.
8:52 of 1st period - Snap shot by Blake Geoffrion.
8:52 of 1st period - Stopped by Marek Schwarz without a rebound.
8:53 of 1st period - Zenon Konopka wins face-off versus Joffrey Lupul in Patriotes zone.
9:05 of 1st period - Wrist shot by Anton Gustafsson.
9:05 of 1st period - Shot Blocked by A.J Thelen.
9:07 of 1st period - Snap shot by Anton Gustafsson.
9:07 of 1st period - Stopped by Marek Schwarz with a rebound.
9:09 of 1st period - Snap shot by Anton Gustafsson.
9:09 of 1st period - Stopped by Marek Schwarz with a rebound.
9:15 of 1st period - Minor Penalty to A.J Thelen for Interference.
9:16 of 1st period - Tomas Kurka wins face-off versus Anton Gustafsson in Patriotes zone.
11:15 of 1st period - Penalty to A.J Thelen is over, A.J Thelen is back on ice.
12:18 of 1st period - Anton Lander is hit by Riley Sheahan and loses puck.
12:53 of 1st period - Joffrey Lupul is hit by Tomas Kurka.
13:23 of 1st period - Joe Charlebois is hit by Frederic St-Denis and loses puck.
13:47 of 1st period - Slapshot by Timothy Kunes.
13:47 of 1st period - Shot Blocked by Patrick McNeill.
14:00 of 1st period - Minor Penalty to Tyler Myers for Holding.
14:01 of 1st period - Tomas Kurka wins face-off versus Mikael Granlund in Patriotes zone.
16:00 of 1st period - Penalty to Tyler Myers is over, Tyler Myers is back on ice.
16:35 of 1st period - Anton Lander is hit by Zack Stortini and loses puck.
17:06 of 1st period - Frederic St-Denis is hit by Joe Charlebois and loses puck.
17:11 of 1st period - Wrist shot by Lauri Tukonen.
17:11 of 1st period - Deflect By Erik Rasmussen.
17:11 of 1st period - Stopped by Ray Emery with a rebound.
17:13 of 1st period - Snap shot by Joe Charlebois.
17:13 of 1st period - Stopped by Ray Emery without a rebound.
17:14 of 1st period - Zenon Konopka wins face-off versus Mikael Granlund in Carnivores zone.
17:37 of 1st period - Minor Penalty to Mikael Granlund for Tripping.
17:38 of 1st period - Zenon Konopka wins face-off versus Anton Gustafsson in Carnivores zone.
17:43 of 1st period - Snap shot by Andreas Nodl.
17:43 of 1st period - Stopped by Ray Emery without a rebound.
17:44 of 1st period - Anton Gustafsson wins face-off versus Zenon Konopka in Carnivores zone.
17:50 of 1st period - Icing by A.J Thelen.
17:51 of 1st period - Anton Gustafsson wins face-off versus Zenon Konopka in Patriotes zone.
18:06 of 1st period - Slapshot by Anton Gustafsson.
18:06 of 1st period - Shot Misses the Net.
18:12 of 1st period - Minor Penalty to Zenon Konopka for Holding.
18:13 of 1st period - Tomas Kurka wins face-off versus Erik Rasmussen in Patriotes zone.
18:13 of 1st period - Tomas Kurka is hit by Colton Orr.
18:23 of 1st period - Snap shot by Erik Rasmussen.
18:23 of 1st period - Stopped by Marek Schwarz with a rebound.
19:37 of 1st period - Penalty to Mikael Granlund is over, Mikael Granlund is back on ice.
19:47 of 1st period - Andrew Gordon is hit by Mikael Granlund and loses puck.
19:54 of 1st period - Snap shot by Jeremy Williams.
19:54 of 1st period - Deflect By Tyler Myers.
19:54 of 1st period - Shot Misses the Net.
19:54 of 1st period - Puck is out of play.
19:55 of 1st period - Anton Gustafsson wins face-off versus Tomas Kurka in Patriotes zone.
Goals for this period are 1 for Patriotes vs 2 for Carnivores.
Shots for this period are 7 for Patriotes vs 14 for Carnivores.
2nd period
0:01 of 2nd period - Blake Geoffrion wins face-off versus Tomas Kurka in neutral zone.
0:12 of 2nd period - Penalty to Zenon Konopka is over, Zenon Konopka is back on ice.
0:12 of 2nd period - Wrist shot by Jeremy Williams.
0:12 of 2nd period - Deflect By Blake Geoffrion.
0:12 of 2nd period - Stopped by Marek Schwarz without a rebound.
0:13 of 2nd period - Anton Gustafsson wins face-off versus Zenon Konopka in Patriotes zone.
0:22 of 2nd period - Wrist shot by Brendan Gallagher.
0:22 of 2nd period - Deflect By Joffrey Lupul.
0:22 of 2nd period - Shot Blocked by Tyler Myers.
0:22 of 2nd period - Puck is out of play.
0:23 of 2nd period - Anton Gustafsson wins face-off versus Zenon Konopka in Patriotes zone.
0:28 of 2nd period - Wrist shot by Joffrey Lupul.
0:28 of 2nd period - Shot Blocked by A.J Thelen.
0:30 of 2nd period - Slapshot by Bobby Sanguinetti.
0:30 of 2nd period - Stopped by Marek Schwarz with a rebound.
0:32 of 2nd period - Wrist shot by Anton Gustafsson.
0:32 of 2nd period - Shot Misses the Net.
0:34 of 2nd period - Snap shot by Phil Oreskovic.
0:34 of 2nd period - Shot Blocked by A.J Thelen.
0:36 of 2nd period - Wrist shot by Anton Gustafsson.
0:36 of 2nd period - Goal by Anton Gustafsson - Patriotes : 1 - Carnivores : 3.
0:37 of 2nd period - Joffrey Lupul wins face-off versus Zenon Konopka in neutral zone.
1:27 of 2nd period - Snap shot by Dwight King.
1:27 of 2nd period - Deflect By Lauri Tukonen.
1:27 of 2nd period - Stopped by Ray Emery without a rebound.
1:28 of 2nd period - Riley Sheahan wins face-off versus Mikael Granlund in Carnivores zone.
1:39 of 2nd period - Slapshot by Ryan Wilson.
1:39 of 2nd period - Stopped by Ray Emery without a rebound.
1:40 of 2nd period - Anton Gustafsson wins face-off versus Zenon Konopka in Carnivores zone.
1:40 of 2nd period - Anton Gustafsson is hit by Brett Skinner.
1:56 of 2nd period - Wrist shot by Andreas Nodl.
1:56 of 2nd period - Stopped by Ray Emery without a rebound.
1:57 of 2nd period - Christian Hanson wins face-off versus Jeremy Welsh in Carnivores zone.
2:26 of 2nd period - Snap shot by Joffrey Lupul.
2:26 of 2nd period - Shot Blocked by Brett Skinner.
2:28 of 2nd period - Wrist shot by Brendan Gallagher.
2:28 of 2nd period - Shot Misses the Net.
2:32 of 2nd period - Wrist shot by Joffrey Lupul.
2:32 of 2nd period - Shot Misses the Net.
2:48 of 2nd period - Snap shot by Lauri Tukonen.
2:48 of 2nd period - Shot Misses the Net.
2:50 of 2nd period - Snap shot by Dwight King.
2:50 of 2nd period - Shot Misses the Net.
2:52 of 2nd period - Wrist shot by Dwight King.
2:52 of 2nd period - Shot Misses the Net.
3:08 of 2nd period - Sasha Pokulok is hit by Zack Stortini and loses puck.
3:29 of 2nd period - Snap shot by Anton Gustafsson.
3:29 of 2nd period - Shot Misses the Net.
3:31 of 2nd period - Snap shot by Joffrey Lupul.
3:31 of 2nd period - Shot Misses the Net.
3:33 of 2nd period - Snap shot by Anton Gustafsson.
3:33 of 2nd period - Goal by Anton Gustafsson - Patriotes : 1 - Carnivores : 4.
3:33 of 2nd period - Jason Missiaen enters game.
3:34 of 2nd period - Zenon Konopka wins face-off versus Anton Gustafsson in neutral zone.
4:33 of 2nd period - Snap shot by Colton Orr.
4:33 of 2nd period - Stopped by Jason Missiaen without a rebound.
4:34 of 2nd period - Zenon Konopka wins face-off versus Anton Gustafsson in Patriotes zone.
5:08 of 2nd period - Snap shot by Mikael Granlund.
5:08 of 2nd period - Stopped by Jason Missiaen with a rebound.
5:30 of 2nd period - Wrist shot by Dwight King.
5:30 of 2nd period - Stopped by Ray Emery with a rebound.
5:32 of 2nd period - Slapshot by Timothy Kunes.
5:32 of 2nd period - Shot Blocked by Colton Orr.
5:34 of 2nd period - Slapshot by Lauri Tukonen.
5:34 of 2nd period - Stopped by Ray Emery with a rebound.
5:52 of 2nd period - Wrist shot by Ryan White.
5:52 of 2nd period - Shot Misses the Net.
5:54 of 2nd period - Slapshot by Jordan Samuels-Thomas.
5:54 of 2nd period - Shot Blocked by Patrick McNeill.
6:32 of 2nd period - Nigel Williams is hit by Blake Geoffrion and loses puck.
6:49 of 2nd period - Wrist shot by Dwight King.
6:49 of 2nd period - Shot Misses the Net.
6:51 of 2nd period - Wrist shot by Lauri Tukonen.
6:51 of 2nd period - Shot Blocked by Phil Oreskovic.
7:13 of 2nd period - Bobby Sanguinetti is hit by Timothy Kunes and loses puck.
7:28 of 2nd period - Snap shot by Blake Geoffrion.
7:28 of 2nd period - Shot Misses the Net.
7:30 of 2nd period - Wrist shot by Blake Geoffrion.
7:30 of 2nd period - Stopped by Jason Missiaen with a rebound.
7:32 of 2nd period - Slapshot by Phil Oreskovic.
7:32 of 2nd period - Stopped by Jason Missiaen with a rebound.
8:19 of 2nd period - Snap shot by Mikael Granlund.
8:19 of 2nd period - Shot Misses the Net.
8:33 of 2nd period - Wrist shot by Tyler Myers.
8:33 of 2nd period - Shot Blocked by Joffrey Lupul.
8:49 of 2nd period - Colton Orr is hit by Andrew Gordon and loses puck.
9:38 of 2nd period - Wrist shot by Andreas Nodl.
9:38 of 2nd period - Stopped by Ray Emery with a rebound.
9:52 of 2nd period - A.J Thelen is hit by Chris Butler and loses puck.
10:30 of 2nd period - Slapshot by Bobby Sanguinetti.
10:30 of 2nd period - Stopped by Jason Missiaen without a rebound.
10:31 of 2nd period - Zenon Konopka wins face-off versus Mikael Granlund in Patriotes zone.
10:44 of 2nd period - Snap shot by Blake Geoffrion.
10:44 of 2nd period - Deflect By Jeremy Williams.
10:44 of 2nd period - Shot Misses the Net.
10:44 of 2nd period - Puck is out of play.
10:45 of 2nd period - Anton Lander wins face-off versus Andrew Gordon in Patriotes zone.
10:52 of 2nd period - Wrist shot by Jeremy Welsh.
10:52 of 2nd period - Stopped by Jason Missiaen with a rebound.
10:54 of 2nd period - Wrist shot by Anton Lander.
10:54 of 2nd period - Shot Misses the Net.
10:56 of 2nd period - Wrist shot by Jeremy Welsh.
10:56 of 2nd period - Shot Misses the Net.
10:58 of 2nd period - Snap shot by Anton Lander.
10:58 of 2nd period - Goal by Anton Lander - Patriotes : 1 - Carnivores : 5.
10:59 of 2nd period - Zenon Konopka wins face-off versus Joffrey Lupul in neutral zone.
11:03 of 2nd period - Icing by Phil Oreskovic.
11:04 of 2nd period - Zenon Konopka wins face-off versus Anton Gustafsson in Carnivores zone.
12:53 of 2nd period - Off-side.
12:54 of 2nd period - Jeremy Williams wins face-off versus Christian Hanson in neutral zone.
12:59 of 2nd period - Snap shot by Jeremy Williams.
12:59 of 2nd period - Stopped by Jason Missiaen with a rebound.
13:09 of 2nd period - Wrist shot by Jeremy Williams.
13:09 of 2nd period - Shot Hit the Post.
13:19 of 2nd period - Joffrey Lupul is hit by Andreas Nodl and loses puck.
13:30 of 2nd period - Slapshot by Andreas Nodl.
13:30 of 2nd period - Shot Blocked by Zach Jones.
13:43 of 2nd period - Icing by A.J Thelen.
13:44 of 2nd period - Anton Lander wins face-off versus Riley Sheahan in Patriotes zone.
13:49 of 2nd period - Snap shot by Chris Lawrence.
13:49 of 2nd period - Stopped by Jason Missiaen with a rebound.
13:59 of 2nd period - Wrist shot by Anton Lander.
13:59 of 2nd period - Stopped by Jason Missiaen without a rebound.
14:00 of 2nd period - Anton Gustafsson wins face-off versus Zenon Konopka in Patriotes zone.
14:11 of 2nd period - Snap shot by Joffrey Lupul.
14:11 of 2nd period - Shot Blocked by Brett Skinner.
14:13 of 2nd period - Backhand shot by Anton Gustafsson.
14:13 of 2nd period - Stopped by Jason Missiaen with a rebound.
14:15 of 2nd period - Slapshot by Sasha Pokulok.
14:15 of 2nd period - Deflect By Andreas Nodl.
14:15 of 2nd period - Stopped by Jason Missiaen with a rebound.
14:32 of 2nd period - Slapshot by Jeremy Williams.
14:32 of 2nd period - Shot Misses the Net.
14:34 of 2nd period - Wrist shot by David Schlemko.
14:34 of 2nd period - Stopped by Jason Missiaen with a rebound.
14:46 of 2nd period - Snap shot by Ryan Wilson.
14:46 of 2nd period - Stopped by Ray Emery without a rebound.
14:47 of 2nd period - Riley Sheahan wins face-off versus Anton Lander in Carnivores zone.
14:58 of 2nd period - Wrist shot by Jeremy Welsh.
14:58 of 2nd period - Stopped by Jason Missiaen with a rebound.
15:31 of 2nd period - Wrist shot by Chris Lawrence.
15:31 of 2nd period - Deflect By Jeremy Welsh.
15:31 of 2nd period - Stopped by Jason Missiaen with a rebound.
15:51 of 2nd period - Slapshot by Dwight King.
15:51 of 2nd period - Shot Misses the Net.
15:55 of 2nd period - Slapshot by Lauri Tukonen.
15:55 of 2nd period - Stopped by Ray Emery without a rebound.
15:56 of 2nd period - Anton Gustafsson wins face-off versus Zenon Konopka in Carnivores zone.
15:56 of 2nd period - Anton Gustafsson beats up Brett Skinner.
15:56 of 2nd period - Penalty to Anton Gustafsson for Fighting.
15:56 of 2nd period - Penalty to Brett Skinner for Fighting.
15:57 of 2nd period - Anton Lander wins face-off versus Zenon Konopka in Carnivores zone.
15:57 of 2nd period - Anton Lander is hit by Andreas Nodl.
16:00 of 2nd period - Sasha Pokulok is hit by Ryan Wilson and loses puck.
16:05 of 2nd period - Slapshot by Joffrey Lupul.
16:05 of 2nd period - Stopped by Jason Missiaen with a rebound.
16:19 of 2nd period - Wrist shot by Christian Hanson.
16:19 of 2nd period - Shot Blocked by Mikael Granlund.
16:21 of 2nd period - Slapshot by Tyler Myers.
16:21 of 2nd period - Shot Misses the Net.
16:25 of 2nd period - Snap shot by Fedor Fedorov.
16:25 of 2nd period - Shot Misses the Net.
16:27 of 2nd period - Wrist shot by Andrew Gordon.
16:27 of 2nd period - Shot Misses the Net.
16:29 of 2nd period - Slapshot by A.J Thelen.
16:29 of 2nd period - Stopped by Ray Emery with a rebound.
16:41 of 2nd period - Slapshot by Sasha Pokulok.
16:41 of 2nd period - Shot Blocked by Tyler Myers.
16:43 of 2nd period - Minor Penalty to Jordan Samuels-Thomas for Hooking.
16:44 of 2nd period - Blake Geoffrion wins face-off versus Tomas Kurka in Patriotes zone.
16:59 of 2nd period - Slapshot by Bobby Sanguinetti.
16:59 of 2nd period - Shot Blocked by Andreas Nodl.
17:35 of 2nd period - Slapshot by Ryan Wilson.
17:35 of 2nd period - Shot Blocked by Sasha Pokulok.
18:43 of 2nd period - Penalty to Jordan Samuels-Thomas is over, Jordan Samuels-Thomas is back on ice.
19:08 of 2nd period - Snap shot by Riley Sheahan.
19:08 of 2nd period - Shot Misses the Net.
Goals for this period are 0 for Patriotes vs 3 for Carnivores.
Shots for this period are 9 for Patriotes vs 20 for Carnivores.
3rd period
0:01 of 3rd period - Zenon Konopka wins face-off versus Chris Lawrence in neutral zone.
0:08 of 3rd period - Off-side.
0:09 of 3rd period - Zenon Konopka wins face-off versus Chris Lawrence in neutral zone.
0:20 of 3rd period - Slapshot by Andreas Nodl.
0:20 of 3rd period - Stopped by Ray Emery without a rebound.
0:21 of 3rd period - Chris Lawrence wins face-off versus Tomas Kurka in Carnivores zone.
0:30 of 3rd period - Snap shot by Joffrey Lupul.
0:30 of 3rd period - Shot Misses the Net.
0:52 of 3rd period - Off-side.
0:53 of 3rd period - Christian Hanson wins face-off versus Mikael Granlund in neutral zone.
1:00 of 3rd period - Slapshot by Andrew Gordon.
1:00 of 3rd period - Deflect By Blake Geoffrion.
1:00 of 3rd period - Stopped by Ray Emery without a rebound.
1:01 of 3rd period - Mikael Granlund wins face-off versus Fedor Fedorov in Carnivores zone.
1:50 of 3rd period - Wrist shot by Jeremy Williams.
1:50 of 3rd period - Stopped by Jason Missiaen without a rebound.
1:51 of 3rd period - Zenon Konopka wins face-off versus Anton Gustafsson in Patriotes zone.
2:12 of 3rd period - Minor Penalty to A.J Thelen for Hooking.
2:13 of 3rd period - Tomas Kurka wins face-off versus Anton Gustafsson in Patriotes zone.
2:13 of 3rd period - Tomas Kurka is hit by Phil Oreskovic.
2:18 of 3rd period - Tyler Myers is hit by Bobby Sanguinetti and loses puck.
2:41 of 3rd period - Snap shot by Andreas Nodl.
2:41 of 3rd period - Shot Misses the Net.
2:43 of 3rd period - Snap shot by Fedor Fedorov.
2:43 of 3rd period - Goal by Fedor Fedorov - Patriotes : 2 - Carnivores : 5.
2:44 of 3rd period - Tomas Kurka wins face-off versus Mikael Granlund in neutral zone.
4:06 of 3rd period - Jeremy Williams is hit by Dwight King and loses puck.
4:12 of 3rd period - Penalty to A.J Thelen is over, A.J Thelen is back on ice.
4:15 of 3rd period - Timothy Kunes is hit by Jeremy Williams and loses puck.
4:23 of 3rd period - Icing by Dwight King.
4:24 of 3rd period - Anton Lander wins face-off versus Dwight King in Patriotes zone.
4:39 of 3rd period - Snap shot by A.J Thelen.
4:39 of 3rd period - Stopped by Ray Emery with a rebound.
4:41 of 3rd period - Snap shot by A.J Thelen.
4:41 of 3rd period - Goal by A.J Thelen - Patriotes : 3 - Carnivores : 5.
4:42 of 3rd period - Anton Gustafsson wins face-off versus Zenon Konopka in neutral zone.
4:47 of 3rd period - Snap shot by Anton Gustafsson.
4:47 of 3rd period - Stopped by Jason Missiaen without a rebound.
4:48 of 3rd period - Anton Gustafsson wins face-off versus Zenon Konopka in Patriotes zone.
6:02 of 3rd period - Icing by Chris Butler.
6:03 of 3rd period - Erik Rasmussen wins face-off versus Zenon Konopka in Carnivores zone.
6:48 of 3rd period - Icing by Billy Sweat.
6:49 of 3rd period - Christian Hanson wins face-off versus Anton Gustafsson in Carnivores zone.
8:05 of 3rd period - Snap shot by Erik Rasmussen.
8:05 of 3rd period - Deflect By Colton Orr.
8:05 of 3rd period - Stopped by Jason Missiaen with a rebound.
8:50 of 3rd period - Minor Penalty to Bobby Sanguinetti for Hooking.
8:51 of 3rd period - Zenon Konopka wins face-off versus Colton Orr in Carnivores zone.
8:53 of 3rd period - Wrist shot by Ryan Wilson.
8:53 of 3rd period - Shot Blocked by Zach Jones.
8:55 of 3rd period - Slapshot by Brett Skinner.
8:55 of 3rd period - Shot Misses the Net.
8:57 of 3rd period - Wrist shot by Brett Skinner.
8:57 of 3rd period - Stopped by Ray Emery with a rebound.
8:59 of 3rd period - Snap shot by Zenon Konopka.
8:59 of 3rd period - Shot Misses the Net.
9:01 of 3rd period - Snap shot by Tomas Kurka.
9:01 of 3rd period - Goal by Tomas Kurka - Patriotes : 4 - Carnivores : 5.
9:02 of 3rd period - Anton Gustafsson wins face-off versus Zenon Konopka in neutral zone.
9:16 of 3rd period - A.J Thelen is hit by Joffrey Lupul.
9:55 of 3rd period - Snap shot by Chris Lawrence.
9:55 of 3rd period - Shot Misses the Net.
9:57 of 3rd period - Snap shot by Jeremy Welsh.
9:57 of 3rd period - Stopped by Jason Missiaen without a rebound.
9:58 of 3rd period - Anton Lander wins face-off versus Riley Sheahan in Patriotes zone.
10:13 of 3rd period - Wrist shot by Chris Lawrence.
10:13 of 3rd period - Stopped by Jason Missiaen with a rebound.
10:15 of 3rd period - Snap shot by Chris Lawrence.
10:15 of 3rd period - Goal by Chris Lawrence - Patriotes : 4 - Carnivores : 6.
10:16 of 3rd period - Zenon Konopka wins face-off versus Joffrey Lupul in neutral zone.
10:19 of 3rd period - Slapshot by Brett Skinner.
10:19 of 3rd period - Shot Misses the Net.
10:41 of 3rd period - Jeremy Williams is hit by Brett Skinner.
10:49 of 3rd period - Nigel Williams is hit by Blake Geoffrion and loses puck.
11:17 of 3rd period - Icing by Patrick McNeill.
11:18 of 3rd period - Ryan White wins face-off versus Erik Rasmussen in Carnivores zone.
11:51 of 3rd period - Icing by Zack Stortini.
11:52 of 3rd period - Ryan White wins face-off versus Anton Gustafsson in Patriotes zone.
12:03 of 3rd period - Slapshot by Ryan White.
12:03 of 3rd period - Stopped by Ray Emery without a rebound.
12:04 of 3rd period - Zenon Konopka wins face-off versus Anton Gustafsson in Carnivores zone.
12:05 of 3rd period - Wrist shot by Andreas Nodl.
12:05 of 3rd period - Stopped by Ray Emery without a rebound.
12:06 of 3rd period - Zenon Konopka wins face-off versus Anton Gustafsson in Carnivores zone.
12:07 of 3rd period - Wrist shot by Andreas Nodl.
12:07 of 3rd period - Deflect By Tomas Kurka.
12:07 of 3rd period - Goal by Tomas Kurka - Patriotes : 5 - Carnivores : 6.
12:08 of 3rd period - Zenon Konopka wins face-off versus Anton Gustafsson in neutral zone.
12:11 of 3rd period - Snap shot by Tomas Kurka.
12:11 of 3rd period - Stopped by Ray Emery without a rebound.
12:12 of 3rd period - Zenon Konopka wins face-off versus Anton Gustafsson in Carnivores zone.
12:13 of 3rd period - Snap shot by Andreas Nodl.
12:13 of 3rd period - Shot Blocked by Bobby Sanguinetti.
12:57 of 3rd period - Wrist shot by Ryan White.
12:57 of 3rd period - Stopped by Ray Emery without a rebound.
12:58 of 3rd period - Ryan White wins face-off versus Anton Gustafsson in Carnivores zone.
13:01 of 3rd period - Snap shot by Ryan White.
13:01 of 3rd period - Shot Misses the Net.
13:09 of 3rd period - Snap shot by A.J Thelen.
13:09 of 3rd period - Shot Blocked by Brendan Gallagher.
13:19 of 3rd period - Minor Penalty to Zack Stortini for Slashing.
13:20 of 3rd period - Tomas Kurka wins face-off versus Anton Gustafsson in Patriotes zone.
13:20 of 3rd period - Tomas Kurka is hit by Brendan Gallagher.
13:32 of 3rd period - Tyler Myers is hit by Phil Oreskovic and loses puck.
15:13 of 3rd period - Blake Geoffrion is hit by Tyler Myers and loses puck.
15:19 of 3rd period - Penalty to Zack Stortini is over, Zack Stortini is back on ice.
15:34 of 3rd period - Wrist shot by Andrew Gordon.
15:34 of 3rd period - Goal by Andrew Gordon - Patriotes : 6 - Carnivores : 6.
15:35 of 3rd period - Anton Lander wins face-off versus Riley Sheahan in neutral zone.
15:37 of 3rd period - Off-side.
15:38 of 3rd period - Riley Sheahan wins face-off versus Anton Lander in neutral zone.
16:04 of 3rd period - Snap shot by Andreas Nodl.
16:04 of 3rd period - Shot Blocked by David Schlemko.
16:24 of 3rd period - Snap shot by Blake Geoffrion.
16:24 of 3rd period - Deflect By Jeremy Williams.
16:24 of 3rd period - Shot Misses the Net.
16:24 of 3rd period - Puck is out of play.
16:25 of 3rd period - Riley Sheahan wins face-off versus Mikael Granlund in Patriotes zone.
16:29 of 3rd period - Off-side.
16:30 of 3rd period - Riley Sheahan wins face-off versus Mikael Granlund in neutral zone.
17:22 of 3rd period - Backhand shot by Fedor Fedorov.
17:22 of 3rd period - Stopped by Ray Emery without a rebound.
17:23 of 3rd period - Riley Sheahan wins face-off versus Erik Rasmussen in Carnivores zone.
17:36 of 3rd period - Wrist shot by Lauri Tukonen.
17:36 of 3rd period - Goal by Lauri Tukonen - Patriotes : 7 - Carnivores : 6.
17:37 of 3rd period - Riley Sheahan wins face-off versus Anton Lander in neutral zone.
18:02 of 3rd period - Andreas Nodl is hit by Patrick McNeill and loses puck.
19:04 of 3rd period - Carnivores, Ray Emery is pulled from the net.
19:06 of 3rd period - Wrist shot by Blake Geoffrion.
19:06 of 3rd period - Shot Blocked by Timothy Kunes.
19:16 of 3rd period - Wrist shot by Andreas Nodl.
19:16 of 3rd period - Goal by Andreas Nodl - Patriotes : 8 - Carnivores : 6.
19:16 of 3rd period - Ray Emery from Carnivores was sent back in the game.
19:17 of 3rd period - Anton Lander wins face-off versus Riley Sheahan in neutral zone.
19:32 of 3rd period - Wrist shot by Chris Lawrence.
19:32 of 3rd period - Goal by Chris Lawrence - Patriotes : 8 - Carnivores : 7.
19:33 of 3rd period - Anton Gustafsson wins face-off versus Zenon Konopka in neutral zone.
19:38 of 3rd period - Carnivores, Ray Emery is pulled from the net.
19:42 of 3rd period - Wrist shot by Anton Gustafsson.
19:42 of 3rd period - Shot Misses the Net.
Goals for this period are 7 for Patriotes vs 2 for Carnivores.
Shots for this period are 16 for Patriotes vs 7 for Carnivores.
Output by the SimonT Hockey Simulator (STHS) for François Prévost -- Original Page W3C XHTML 1.0 Valid